 Dungeon Crawl Stone Soup version 0.31.0-12-g77e489cdc1 (webtiles) character file.

Game seed: 1030552616983795464

161 Killerpretzel the Changeling (level 5, -11/35 HPs)
             Began as an Octopode Shapeshifter on Mar 7, 2024.
             Mangled by a gnoll
             ... wielding a +0 flail
              (13 damage)
             ... on level 3 of the Dungeon.
             The game lasted 00:03:55 (1590 turns).

Killerpretzel the Changeling (OpSh)                 Turns: 1590, Time: 00:03:56

Health: -11/35     AC:  1    Str: 13    XL:     5   Next: 42%
Magic:  5/5        EV: 14    Int: 12    God:
Gold:   132        SH:  0    Dex: 14    Spells: 4/4 levels left

rFire   . .          .
                       - Unarmed
rCold   . . .        (no shield)
rNeg    . . .        (helmet currently unavailable)
rPois   .            (no amulet)
rElec   .            (no ring)
rCorr   .            (no ring)
SInv    .            (no ring)
Will    .....        (no ring)
Stlth   ++           (no ring)
HPRegen 0.25/turn    (no ring)
MPRegen 0.09/turn    (no ring)
                     (no ring)

%: no passive effects
@: beast-form
A: beast (slay +2), almost no armour, amphibious, 8 rings, camouflage 1,
gelatinous body 1, (nimble swimmer 1), tentacles
a: Begin Untransformation


You were on level 3 of the Dungeon.
You were a hulking beast.
You visited 1 branch of the dungeon, and saw 3 of its levels.

You collected 132 gold pieces.

Inventory:

Talismans
 b - a beast talisman
 c - a flux talisman
 k - a granite talisman
Wands
 l - a wand of paralysis (4)
Scrolls
 d - 2 scrolls of noise
Potions
 a - a potion of lignification
 e - 2 potions of haste
 f - a potion of magic {unknown}
 g - a potion of curing {unknown}
 h - a potion of mutation {unknown}
 i - a potion of brilliance {unknown}
 j - a potion of attraction {unknown}


   Skills:
 + Level 2.3 Fighting
 + Level 2.9 Dodging
 + Level 3.7 Unarmed Combat
 * Level 4.2 Shapeshifting


You had 4 spell levels left.
You didn't know any spells.
Your spell library was empty.

Dungeon Overview and Level Annotations

Branches:
Dungeon (3/15)

Altars:

Shops:
D:1 (


Innate Abilities, Weirdness & Mutations

You are a hulking beast.
Your limbs bulge with bestial killing power. (Slay +2)
You cannot wear most types of armour.
You are amphibious.
You can wear up to eight rings at the same time.
Your skin changes colour to match your surroundings (Stealth+).
Your rubbery body absorbs attacks. (AC +1, EV +1)
((You are camouflaged when in or above water. (Stealth+)))
You have tentacles for arms and can constrict up to eight enemies at once.


Message History

The gnoll is severely wounded.
The gnoll hits you with a +0 spear!
You are too injured to fight recklessly!
You are too injured to fight recklessly!
You are too injured to fight recklessly!
You are too injured to fight recklessly!
You are too injured to fight recklessly!
You are too injured to fight recklessly!
There are monsters nearby!
The gnoll hits you from afar with a +0 spear.
You see here a purple potion.
You tentacle-slap the gnoll. Your grab misses the gnoll.
The gnoll is lightly wounded.
The gnoll completely misses you.
You tentacle-slap the gnoll. Your grab misses the gnoll.
The gnoll is moderately wounded.
The gnoll barely misses you. The gnoll closely misses you.
You tentacle-slap the gnoll. Your grab misses the gnoll.
The gnoll is severely wounded.
The gnoll hits you from afar with a +0 spear.
The gnoll closely misses you.
You barely miss the gnoll. Your grab misses the gnoll.
The gnoll is severely wounded.
The gnoll closely misses you. The gnoll misses you.
You tentacle-slap the gnoll.
You kill the gnoll!
The gnoll barely misses you.
Things that are here:
a +0 flail; a gnoll corpse You tentacle-slap the gnoll.
Your grab misses the gnoll.
The gnoll is heavily wounded.
The gnoll barely misses you. x2
You tentacle-slap the gnoll. You grab the gnoll.
The gnoll is severely wounded.
You constrict the gnoll, but do no damage.
The gnoll hits you with a +0 spear. The gnoll hits you with a +0 flail!
* * * LOW HITPOINT WARNING * * *
You release your grip on the gnoll.
The gnoll misses you. The gnoll attacks as it pursues you!
The gnoll hits you with a +0 flail!
You die...

#r# #.....#.#
#.###.##)##.####.#
..............##.#
#.##..##.##.#.##.###
#.##...............
#.###.##.#.##.##.#
.. ...##..g......#
....#.####..#.####
...###.####gg#h# ##
#.....†.#g#
##.#......g#
#........###
.##.#..#..###
............## .
...#........##
..##....#......#
..............##


You could see 2 gnolls.

Vanquished Creatures
  A gnoll (D:3)
  10 adders
  2 dart slugs (D:2)
  7 orcs (D:3)
  A ball python (D:1)
  4 endoplasms
  4 giant cockroaches
  4 goblins
  5 hobgoblins
  3 kobolds
  5 bats
  2 frilled lizards (D:1)
  6 rats
54 creatures vanquished.

Notes
Turn   | Place    | Note
-------+----------+-------------------------------------------
     0 | D:1      | Killerpretzel the Octopode Shapeshifter began the quest for
                  | the Orb.
     0 | D:1      | Reached XP level 1. HP: 13/13 MP: 1/1
    83 | D:1      | Reached XP level 2. HP: 14/18 MP: 2/2
   229 | D:1      | Found Fihi's Antique Weapon Emporium.
   421 | D:2      | Reached XP level 3. HP: 21/23 MP: 3/3
   619 | D:2      | Reached XP level 4. HP: 11/29 MP: 4/4
   843 | D:2      | Found a faded altar of an unknown god.
  1111 | D:2      | Reached skill level 4 in Shapeshifting
  1384 | D:3      | Reached XP level 5. HP: 28/34 MP: 5/5
  1590 | D:3      | Mangled by a gnoll

Illustrated notes

Levels and vault maps discovered:
D:1:      moated_graveyard_arrival, layout_basic, serial_shops, shop,
          minmay_pentomino_q4
D:2:      minmay_evil_eye, layout_basic, shapermc_ecumenical_altar_venn
D:3:      layout_basic

Skill      XL: |  1  2  3  4 |
---------------+-------------+-----
Fighting       | 2 |  2.3
Shapeshifting  | 4 |  4.2
Dodging        | |  2.9
Unarmed Combat | |  3.7

Action                     |  1- 3 |  4- 6 || total
---------------------------+-------+-------++-------
  Melee: Unarmed           |    56 |    68 ||   124
         Constrict         |    14 |    17 ||    31
         Tentacles         |     8 |    11 ||    19
         Punch             |     2 |       ||     2
    Use: Scroll            |     3 |     2 ||     5
   Stab: Sleeping          |     1 |     2 ||     3
         Distracted        |     1 |       ||     1
 Armour: Skin              |    19 |    34 ||    53
  Dodge: Dodged            |    35 |    42 ||    77
